 Dungeon Crawl Stone Soup version 0.21.1-1-g345015f (webtiles) character file.

6950 CanOfBees the Grappler (level 11, -3/95 HPs)
             Began as a Ghoul Monk on June 14, 2018.
             Was an Elder of Okawaru.
             Slain by dedward's ghost (10 damage)
             ... on level 9 of the Dungeon.
             The game lasted 00:29:25 (11587 turns).

CanOfBees the Grappler (Ghoul Monk)                Turns: 11587, Time: 00:29:26

Health: -3/95      AC:  7    Str: 19    XL:     11   Next: 7%
Magic:  13/13      EV: 12    Int:  5    God:    Okawaru [****..]
Gold:   598        SH: 10    Dex: 11    Spells: 10/10 levels left

rFire    + . .     SeeInvis .     - Unarmed
rCold    + + .     Gourm    .   y - +0 shield
rNeg     + + +     Faith    .   N - +0 ring mail {rF+}
rPois    ∞         Spirit   .   K - +0 helmet
rElec    .         Reflect  .   (no cloak)
rCorr    .         Harm     .   (no gloves)
MR       ++...                  a - +0 pair of boots of Ytuzxemn {rC+ MR+}
Stlth    ++........             (no amulet)
HPRegen  0.00/turn              F - ring of stealth
MPRegen  0.13/turn              E - ring of protection from magic

@: rotting
A: rotting body, claws 1, carnivore, cold resistance 1, negative energy
resistance 3, inhibited regeneration, torment resistance, unbreathing
a: Heroism, Renounce Religion


You were on level 9 of the Dungeon.
You worshipped Okawaru.
Okawaru was greatly pleased with you.
You were not hungry.

You visited 2 branches of the dungeon, and saw 10 of its levels.
You also visited: Sewer.

You collected 598 gold pieces.

Inventory:

Hand Weapons
 b - a +4 blowgun
 q - the +4 rapier of Osewk {freeze, Dex+5}
   (You took it off a kobold on level 8 of the Dungeon)

   It has been specially enchanted to freeze those struck by it, causing extra
   injury to most foes and up to half again as much damage against particularly
   susceptible opponents.
   It can also slow down cold-blooded creatures.
   It affects your dexterity (+5).
 w - the +7 mace of Dullness {freeze, rElec Str+7}
   (You found it on level 7 of the Dungeon)

   It has been specially enchanted to freeze those struck by it, causing extra
   injury to most foes and up to half again as much damage against particularly
   susceptible opponents.
   It can also slow down cold-blooded creatures.
   It affects your strength (+7).
   It insulates you from electricity.
Missiles
 h - 354 stones
 i - 82 poisoned needles
 l - 2 throwing nets
 H - 90 sling bullets
 M - a tomahawk (quivered)
Armour
 a - the +0 pair of boots of Ytuzxemn (worn) {rC+ MR+}
   (You acquired it on level 9 of the Dungeon)

   It protects you from cold.
   It affects your resistance to hostile enchantments.
 y - a +0 shield (worn)
 K - a +0 helmet (worn)
 N - a +0 ring mail of fire resistance (worn)
Jewellery
 j - an uncursed ring of protection from fire
 E - a ring of protection from magic (right claw)
 F - a ring of stealth (left claw)
Wands
 f - a wand of random effects (30)
 v - a wand of scattershot (4)
 B - a wand of flame (15)
 I - a wand of paralysis (6)
Scrolls
 c - 7 scrolls of teleportation
 e - 6 scrolls of remove curse
 g - a scroll of amnesia
 m - 3 scrolls of blinking
 p - a scroll of magic mapping
 z - a scroll of torment {unknown}
 D - a scroll of fear
 G - 2 scrolls of immolation
 J - a scroll of enchant armour {unknown}
Potions
 d - a potion of ambrosia
 n - 3 potions of curing
 o - a potion of cancellation
 s - 2 potions of heal wounds
 u - 5 potions of flight
Books
 k - a book of Debilitation

   Spells                             Type                      Level
   a - Corona                         Hexes                        1
   b - Slow                           Hexes                        2
   c - Inner Flame                    Hexes/Fire                   3
   d - Portal Projectile              Hexes/Translocation          3
   e - Cause Fear                     Hexes                        4
   f - Leda's Liquefaction            Hexes/Earth                  4
 r - a book of Minor Magic

   Spells                             Type                      Level
   a - Magic Dart                     Conjuration                  1
   b - Blink                          Translocation                2
   c - Call Imp                       Summoning                    2
   d - Slow                           Hexes                        2
   e - Conjure Flame                  Conjuration/Fire             3
   f - Mephitic Cloud                 Conjuration/Poison/Air       3
Comestibles
 t - 10 rations
 L - a chunk of flesh


   Skills:
 + Level 8.8 Fighting
 + Level 7.4 Dodging
 - Level 2.1 Stealth
 + Level 5.4 Shields
 * Level 11.9 Unarmed Combat
 + Level 4.0 Invocations


You had 10 spell levels left.
You didn't know any spells.

Dungeon Overview and Level Annotations

Branches:
Dungeon (9/15)             Temple (1/1) D:4             Orc (0/2) D:9
   Lair: D:8-11

Altars:
Ashenzari
Cheibriados
Dithmenos
Elyvilon
Fedhas
Gozag
Hepliaklqana
Kikubaaqudgha
Makhleb
Nemelex Xobeh
Okawaru
Qazlal
Ru
Sif Muna
Trog
Uskayaw
Vehumet
Wu Jian
Xom
Yredelemnul
Zin
The Shining One

Shops:
D:6 %=:

Annotations:
D:9 dedward's ghost, novice TrMo


Innate Abilities, Weirdness & Mutations

Your body is rotting away.
You thrive on raw meat.
You are immune to poison.
You have sharp fingernails.
You are carnivorous and can eat meat at any time.
Your flesh is cold resistant. (rC+)
You are immune to negative energy. (rN+++)
You do not regenerate when monsters are visible.
You are immune to unholy pain and torment.
You can survive without breathing.


Message History

Your shield and ring mail prevent you from hitting dedward's ghost.
Dedward's ghost is severely damaged.
You block dedward's ghost's attack.
You closely miss dedward's ghost.
Dedward's ghost is severely damaged.
You claw dedward's ghost!
Dedward's ghost is almost destroyed.
Dedward's ghost hits you!
* * * LOW HITPOINT WARNING * * *
You claw dedward's ghost!
Dedward's ghost is almost destroyed.
The phantom blinks!
Dedward's ghost hits you!!
* * * LOW HITPOINT WARNING * * *
You scratch dedward's ghost but do no damage.
Dedward's ghost is almost destroyed.
Dedward's ghost completely misses you.
You barely miss dedward's ghost.
Dedward's ghost is almost destroyed.
Dedward's ghost hits you!
You die...

#.### # ###'#### #.
#......# ###'#####
#......# #......$#
#>.....# #.......#
#......# #.!.....#
###......#
#.......######.'......#
#......§W@.....#......#
#.......########......#
######### #......#
#......# #......#
########


You could see dedward's ghost.

Vanquished Creatures
  The ghost of Theoretic the Basher, a novice GrFi of Okawaru (D:8)
  Pikel (D:5)
  A troll (D:9)
  Grinder (Sewer)
  Prince Ribbit (D:5)
  A hippogriff (D:9)
  5 yaks
  Sigmund (D:3)
  Duvessa (D:4)
  3 orc warriors
  2 ice beasts
  9 ogres
  2 phantoms (D:4)
  3 centaurs
  4 big kobolds
  4 bullfrogs
  2 scorpions
  Dowan (D:4)
  10 killer bees
  4 wights
  A howler monkey (D:9)
  2 jellies
  A crimson imp (D:9)
  A bullfrog zombie (D:8)
  A quasit (Sewer)
  An orc priest (D:8)
  2 centaur zombies
  A hound (D:4)
  2 bullfrog skeletons
  Jessica (D:3)
  2 iguanas (D:5)
  Ijyb (D:4)
  Natasha (thrice) (D:3)
  6 orc wizards
  9 worker ants
  2 big kobold zombies (Sewer)
  Robin (D:2)
  A howler monkey skeleton (D:5)
  2 worker ant zombies (D:5)
  5 adders
  3 shadow imps
  3 ufetubi (Sewer)
  2 oozes
  An adder zombie (D:7)
  2 adder skeletons
  4 worms
  6 leopard geckos
  38 orcs
  2 ball pythons (D:3)
  10 giant cockroaches
  13 hobgoblins
  5 jackals
  2 quokkas (D:3)
  12 bats
  A frilled lizard (D:1)
  2 giant cockroach zombies
  20 goblins
  38 kobolds
  2 kobold zombies (Sewer)
  A leopard gecko zombie (D:8)
  2 quokka skeletons
  9 rats
280 creatures vanquished.

Vanquished Creatures (others)
  Menkaure (D:5)
  An orc (D:5)
2 creatures vanquished.

Grand Total: 282 creatures vanquished

Notes
Turn   | Place    | Note
-------+----------+-------------------------------------------
     0 | D:1      | CanOfBees the Ghoul Monk began the quest for the Orb.
     0 | D:1      | Reached XP level 1. HP: 19/19 MP: 0/0
    33 | D:1      | Reached XP level 2. HP: 18/26 MP: 1/1
   717 | D:1      | Reached skill level 4 in Unarmed Combat
   717 | D:1      | Reached XP level 3. HP: 31/31 MP: 2/2
  1398 | D:2      | Reached XP level 4. HP: 38/40 MP: 3/3
  1539 | D:2      | Noticed Robin
  1549 | D:2      | Killed Robin
  2151 | D:3      | Noticed Jessica
  2287 | D:3      | Found a glowing drain.
  2327 | Sewer    | Entered a sewer
  2498 | Sewer    | Reached XP level 5. HP: 38/46 MP: 4/4
  2559 | Sewer    | Reached skill level 5 in Unarmed Combat
  2604 | Sewer    | Found a burning altar of Makhleb.
  2604 | Sewer    | Noticed a big kobold
  2649 | Sewer    | Killed a big kobold
  2649 | Sewer    | Reached XP level 6. HP: 39/53 MP: 5/5
  2670 | Sewer    | Noticed Grinder
  2839 | Sewer    | Reached skill level 6 in Unarmed Combat
  2877 | Sewer    | Killed Grinder
  2877 | Sewer    | Reached skill level 5 in Fighting
  2877 | Sewer    | Reached XP level 7. HP: 61/61 MP: 6/6
  3063 | D:3      | Killed Jessica
  3161 | D:3      | Noticed Sigmund
  3169 | D:3      | Found a burning altar of Makhleb.
  3172 | D:3      | Killed Sigmund
  3172 | D:3      | Reached skill level 7 in Unarmed Combat
  3322 | D:3      | Noticed Natasha
  3333 | D:3      | Killed Natasha
  3623 | D:3      | Noticed Natasha
  3658 | D:3      | Killed Natasha
  3658 | D:3      | Reached XP level 8. HP: 23/69 MP: 7/7
  3761 | D:3      | Noticed Natasha
  3765 | D:3      | Killed Natasha
  4185 | D:4      | Reached skill level 1 in Shields
  4218 | D:4      | Reached skill level 5 in Dodging
  4218 | D:4      | Reached skill level 8 in Unarmed Combat
  4762 | D:4      | Noticed Duvessa
  4762 | D:4      | Noticed Dowan
  4772 | D:4      | Killed Duvessa
  4791 | D:4      | Killed Dowan
  5183 | D:4      | Noticed Ijyb
  5192 | D:4      | Killed Ijyb
  5452 | D:4      | Found a staircase to the Ecumenical Temple.
  5459 | Temple   | Entered the Ecumenical Temple
  5601 | D:5      | Entered Level 5 of the Dungeon
  5609 | D:5      | Reached XP level 9. HP: 76/78 MP: 8/8
  5623 | D:5      | Noticed Pikel
  5633 | D:5      | Killed Pikel
  5633 | D:5      | Reached skill level 9 in Unarmed Combat
  5660 | D:5      | Found a sacrificial altar of Ru.
  5802 | D:5      | Found a glowing golden altar of the Shining One.
  5990 | D:5      | Killed Menkaure
  6328 | D:5      | Found a basalt altar of Yredelemnul.
  6644 | D:5      | Noticed an angel
  6870 | D:6      | Found Exuomo's Jewellery Emporium.
  6958 | D:5      | Reached skill level 10 in Unarmed Combat
  7181 | D:6      | Noticed Prince Ribbit
  7231 | D:5      | Killed Prince Ribbit
  7317 | D:6      | Found Dynoloqo's Food Shop.
  7406 | D:6      | Reached XP level 10. HP: 33/88 MP: 9/9
  7659 | D:6      | Found an iron altar of Okawaru.
  7675 | D:6      | Became a worshipper of Warmaster Okawaru
  7675 | D:6      | Reached * piety under Okawaru
  7675 | D:6      | Reached ** piety under Okawaru
  7918 | D:6      | Found Pise's Book Shop.
  8327 | D:7      | Reached skill level 1 in Invocations
  8678 | D:7      | Got a polished mace
  8967 | D:7      | Identified the +7 mace of Dullness {freeze, rElec Str+7} (You found it on level 7 of the Dungeon)
  9400 | D:8      | Noticed Theoretic's ghost (novice GrFi)
  9412 | D:8      | Killed Theoretic's ghost
  9412 | D:8      | Reached *** piety under Okawaru
  9412 | D:8      | Reached skill level 11 in Unarmed Combat
  9535 | D:8      | Got an ancient rapier {freeze}
 10601 | D:8      | Found a blossoming altar of Fedhas.
 10627 | D:8      | Identified the +4 rapier of Osewk {freeze, Dex+5} (You took it off a kobold on level 8 of the Dungeon)
 10796 | D:9      | Reached skill level 5 in Shields
 10815 | D:9      | Found a staircase to the Orcish Mines.
 11239 | D:9      | Identified a scroll of acquirement
 11243 | D:9      | Got a pair of faintly glowing boots
 11245 | D:9      | Identified the +0 pair of boots of Ytuzxemn {rC+ MR+} (You acquired it on level 9 of the Dungeon)
 11328 | D:9      | Reached **** piety under Okawaru
 11328 | D:9      | Reached XP level 11. HP: 88/95 MP: 12/12
 11459 | D:9      | Found a hide-covered altar of Uskayaw.
 11555 | D:9      | Noticed dedward's ghost (novice TrMo)
 11587 | D:9      | Slain by dedward's ghost

Skill      XL: |  1  2  3  4  5  6  7  8  9 10 11 |
---------------+----------------------------------+-----
Unarmed Combat | 4 5 6 7 8 10 11 | 11.9
Dodging        | 3 4 5 6 7 |  7.4
Fighting       | 4 5 6 7 8 |  8.8
Shields        | 2 4 5 |  5.4
Invocations    | 3 4 |  4.0
Stealth        | |  2.1

Action                   |  1- 3 |  4- 6 |  7- 9 | 10-12 || total
-------------------------+-------+-------+-------+-------++-------
Melee: Unarmed           |   103 |   170 |   357 |   410 ||  1040
       Punch             |     1 |     1 |       |       ||     2
Throw: Stone             |     9 |    25 |    15 |    10 ||    59
       Tomahawk          |       |       |    17 |    28 ||    45
Invok: Heroism           |       |       |       |     6 ||     6
Evoke: Wand              |       |       |       |     8 ||     8
  Use: Scroll            |       |     4 |     8 |    10 ||    22
       Potion            |       |     2 |     7 |       ||     9
 Stab: Sleeping          |     3 |     3 |     1 |     5 ||    12
       Paralysed         |       |       |       |     5 ||     5
  Eat: Chunk             |    18 |    35 |    48 |    61 ||   162
       Ration            |       |       |     3 |     3 ||     6
Armor: Robe              |    12 |    41 |    20 |       ||    73
       Leather armour    |       |       |    36 |    52 ||    88
       Ring mail         |       |       |       |    33 ||    33
Dodge: Dodged            |    77 |   146 |   155 |   158 ||   536
Block: Shield            |       |       |    84 |   186 ||   270
